 Dungeon Crawl Stone Soup version 0.18.1-6-gd335043 (webtiles) character file.

1457 Guinours the Insei (level 8, -2/59 (62) HPs)
             Began as a Demonspawn Monk on May 18, 2016.
             Was a Priest of Fedhas.
             Slain by an orc warrior
             ... wielding a +0 short sword
              (4 damage)
             ... on level 6 of the Dungeon.
             The game lasted 00:29:46 (7074 turns).

Guinours the Insei (Demonspawn Monk)                Turns: 7074, Time: 00:29:46

HP:   -2/59 (62)    AC: 17    Str: 15    XL:     8   Next: 47%
MP:   0/8           EV:  5    Int: 11    God:    Fedhas [***...]
Gold: 301           SH:  0    Dex: 15    Spells: 0 memorised, 7 levels left

rFire  . . .     SeeInvis .       - Unarmed
rCold  . . .     Gourm    .     n - +1 plate armour {rN+}
rNeg   + . .     Faith    .     (no shield)
rPois  .         Spirit   +     i - +0 helmet
rElec  .         Dismiss  .     A - +0 cloak
rCorr  .         Reflect  .     (gloves unavailable)
SustAt .         Harm     .     l - +0 pair of boots
MR     .....                    D - amulet of guardian spirit
Stlth  ..........               (no ring)
                                (no ring)

@: not resistant to hostile enchantments, extremely unstealthy
A: claws 3, nightstalker 2, powered by pain 1
a: Evolution, Sunlight, Growth, Renounce Religion


You were on level 6 of the Dungeon.
You worshipped Fedhas.
Fedhas was most pleased with you.
You were not hungry.

You visited 1 branch of the dungeon, and saw 6 of its levels.

You collected 301 gold pieces.

Inventory:

Missiles
 p - 109 stones (quivered)
Armour
 a - a +0 robe
 c - a +0 plate armour
 i - a +0 helmet (worn)
 l - a +0 pair of boots (worn)
 n - a +1 plate armour of positive energy (worn)
 A - a +0 cloak (worn)
Jewellery
 y - an uncursed amulet of magic regeneration
 D - an amulet of guardian spirit (around neck)
Wands
 x - a wand of disintegration (8/24)
 C - a wand of enslavement (11/24)
Scrolls
 h - a scroll of teleportation {unknown}
 k - 2 scrolls of recharging {unknown}
 m - 2 scrolls of remove curse {unknown}
 o - 3 scrolls of enchant armour {unknown}
 r - 2 scrolls of identify
 t - a scroll of noise {unknown}
 u - 2 scrolls of fear {unknown}
 v - a scroll of random uselessness {unknown}
Potions
 b - a potion of berserk rage {unknown}
 e - a potion of flight {unknown}
 f - 2 potions of heal wounds {unknown}
 j - 2 potions of brilliance {unknown}
 q - 2 potions of might {unknown}
 s - 2 potions of curing {unknown}
 B - a potion of degeneration {unknown}
 F - a potion of haste {unknown}
Comestibles
 d - 2 slices of pizza
 g - 4 meat rations
 w - 4 fruits
 z - 2 bread rations
 E - 5 chunks of flesh


   Skills:
 + Level 5.2 Fighting
 * Level 5.6 Armour
 - Level 2.8 Dodging
 + Level 1.8 Stealth
 * Level 7.5 Unarmed Combat


You had 7 spell levels left.
You didn't know any spells.

Dungeon Overview and Level Annotations

Branches:
Dungeon (6/15)
 Temple: D:4-7

Altars:
Fedhas
Pakellas
Trog


Innate Abilities, Weirdness & Mutations

You have claws for hands.
You are significantly more attuned to the shadows.
You sometimes gain a little power by taking damage.


Message History

You barely miss the orc warrior.
The orc warrior is moderately wounded.
You claw the orc warrior!
The orc warrior is heavily wounded.
The orc warrior hits you but does no damage.
Zapping:
x - a wand of disintegration (will waste charges)
Press: ? - help, Shift-Dir - straight line, f - orc warrior
Aim: an orc warrior, wielding a short sword and wearing a plate armour (heavily wounded, chance to defeat MR: 65%)
The orc warrior is blasted.
Evoking this partially-identified wand wasted a few charges.
The orc warrior hits you with a short sword.
* * * LOW HITPOINT WARNING * * *
You scratch the orc warrior.
The orc warrior is almost dead.
The orc warrior hits you but does no damage.
You scratch the orc warrior.
The orc warrior is almost dead.
The orc warrior hits you with a short sword.
You die...
Fedhas appreciates your contribution to the ecosystem.

# ##..# ..###
##...#
.....###...#
#........#
#(...###
##(.....###
#.(...ff..##
#o.........###
##@)..........#
#..(..........##
#...............#
....##.........###
...## #(.......#
... ######..##
##..#####
###.....#
#.f.....#


You could see an orc warrior and a friendly wandering mushroom.

Vanquished Creatures
  Duvessa (D:5)
  A necrophage (D:2)
  2 ogres (D:5)
  A centaur (D:5)
  2 giant frogs
  Dowan (D:5)
  2 scorpions
  2 giant frog zombies (D:4)
  A centaur zombie (D:4)
  A jelly (D:5)
  2 orc priests
  A centaur skeleton (D:4)
  2 hounds
  4 orc wizards (D:3)
  4 worker ants
  A hound zombie (D:4)
  2 hound skeletons (D:4)
  3 worker ant zombies (D:4)
  4 gnolls
  3 adders
  3 adder skeletons (D:5)
  2 adder zombies (D:4)
  11 worms
  3 dart slugs
  A giant gecko (D:2)
  16 orcs
  6 bats
  3 giant cockroaches
  9 goblins
  11 hobgoblins
  10 jackals
  A quokka (D:3)
  A ball python (D:2)
  A giant gecko skeleton (D:5)
  2 giant gecko zombies (D:4)
  15 giant newts
  10 kobolds
  A quokka zombie (D:4)
  12 rats
158 creatures vanquished.

Vanquished Creatures (collateral kills)
  An orc wizard (D:3)
1 creature vanquished.

Vanquished Creatures (others)
  47 toadstools
47 creatures vanquished.

Grand Total: 206 creatures vanquished

Notes
Turn   | Place    | Note
--------------------------------------------------------------
     0 | D:1      | Guinours the Demonspawn Monk began the quest for the Orb.
     0 | D:1      | Reached XP level 1. HP: 18/18 MP: 1/1
   281 | D:1      | Gained mutation: You are slightly more attuned to the shadows. [demonic ancestry]
   281 | D:1      | Reached XP level 2. HP: 24/24 MP: 2/2
   341 | D:1      | Reached skill level 4 in Unarmed Combat
   804 | D:1      | Reached XP level 3. HP: 29/29 MP: 3/3
  1493 | D:2      | Reached skill level 1 in Armour
  2064 | D:2      | Noticed a necrophage
  2064 | D:2      | Noticed a giant frog
  2078 | D:2      | Killed a giant frog
  2078 | D:2      | Gained mutation: You have sharp fingernails. [demonic ancestry]
  2078 | D:2      | Reached XP level 4. HP: 15/35 MP: 4/4
  2092 | D:2      | Killed a necrophage
  2092 | D:2      | Reached skill level 5 in Unarmed Combat
  2092 | D:2      | Gained mutation: You are significantly more attuned to the shadows. [demonic ancestry]
  2092 | D:2      | Reached XP level 5. HP: 6/38 MP: 5/5
  2732 | D:2      | Gained mutation: You have very sharp fingernails. [demonic ancestry]
  2732 | D:2      | Reached XP level 6. HP: 38/45 MP: 6/6
  3075 | D:2      | Noticed a moth of wrath
  3078 | D:2      | Found a bloodstained altar of Trog.
  3760 | D:3      | Found a faded altar to an unknown god.
  3767 | D:3      | Became a worshipper of Fedhas Madash
  3767 | D:3      | Reached * piety under Fedhas
  3767 | D:3      | Reached ** piety under Fedhas
  3828 | D:3      | Reached *** piety under Fedhas
  4527 | D:3      | Reached skill level 6 in Unarmed Combat
  4768 | D:4      | Gained mutation: You sometimes gain a little power by taking damage. [demonic ancestry]
  4768 | D:4      | Reached XP level 7. HP: 48/51 MP: 7/7
  4817 | D:4      | Found an oddly glowing altar of Pakellas.
  5695 | D:5      | Entered Level 5 of the Dungeon
  5754 | D:5      | Reached skill level 5 in Armour
  5754 | D:5      | Gained mutation: You have claws for hands. [demonic ancestry]
  5754 | D:5      | Reached XP level 8. HP: 18/58 MP: 8/8
  6403 | D:5      | Reached skill level 7 in Unarmed Combat
  6639 | D:5      | Noticed Dowan
  6643 | D:5      | Noticed Duvessa
  6659 | D:5      | Killed Duvessa
  6659 | D:5      | Reached skill level 5 in Fighting
  6664 | D:5      | Killed Dowan
  7069 | D:6      | HP: 2/59 [orc warrior/short sword (4)]
  7074 | D:6      | Slain by an orc warrior

Skill      XL: |  1  2  3  4  5  6  7  8 |
---------------+-------------------------+-----
Unarmed Combat | 4 5 6 7 |  7.5
Armour         | 2 3 5 |  5.6
Fighting       | 4 5 |  5.2
Dodging        | |  2.8
Stealth        | |  1.8

Action                   |  1- 3 |  4- 6 |  7- 9 || total
-------------------------+-------+-------+-------++-------
Melee: Unarmed           |   247 |   231 |   232 ||   710
       Punch             |       |     2 |     8 ||    10
Invok: Evolution         |       |     1 |     1 ||     2
       Growth            |       |     1 |       ||     1
Evoke: Wand              |       |       |     1 ||     1
  Use: Scroll            |       |     1 |     2 ||     3
  Eat: Chunk             |     4 |     3 |     3 ||    10
       Pizza             |       |     1 |       ||     1
       Bread ration      |       |     1 |       ||     1
       Beef jerky        |       |     1 |       ||     1
       Fruit             |       |       |     3 ||     3
Armor: Plate armour      |   229 |   167 |   174 ||   570
Dodge: Dodged            |    30 |    40 |    59 ||   129
